[Event "January 9 Late 2024"]
[Site "https://www.chess.com"]
[Date "2024.01.09"]
[Round "6"]
[White "Kujawski, Adam"]
[Black "Martin Barcelo, Carles"]
[Result "1/2-1/2"]
[Board "112"]
[TimeControl "180+1"]
[WhiteFideId "1100920"]
[BlackFideId "24561444"]
[WhiteElo "2297"]
[BlackElo "2531"]
[WhiteTeam "POL"]
[BlackTeam "ESP"]
[WhiteClock "0:00:06"]
[BlackClock "0:00:42"]

1. Nf3 d5 2. c4 e6 3. b3 Nf6 4. g3 d4 5. Bg2 c5 6. O-O Nc6 7. e3 e5 8. exd4 exd4 9. d3 Be7 10. Bf4 O-O 11. Ne5 Nxe5 12. Bxe5 Bd6 13. Bxf6 Qxf6 14. Nd2 Qd8 15. a3 a5 16. Ne4 Be7 17. Rb1 Bd7 18. Qh5 Qc7 19. Rfe1 Bc6 20. b4 cxb4 21. axb4 Bxb4 22. Nf6+ gxf6 23. Be4 Bxe4 24. Rxe4 Qc5 25. Rg4+ Kh8 26. Qh6 Qg5 27. Rxg5 fxg5 28. Qf6+ Kg8 29. Qxg5+ Kh8 30. Qf6+ Kg8 31. Qg5+ Kh8 32. Qf6+ Kg8 33. Qg5+ 1/2-1/2

[Event "January 9 Late 2024"]
[Site "https://www.chess.com"]
[Date "2024.01.09"]
[Round "6"]
[White "Rohan, Ahuja"]
[Black "Sroczynski, Maciej"]
[Result "1-0"]
[Board "113"]
[TimeControl "180+1"]
[WhiteFideId "5090598"]
[BlackFideId "1121472"]
[WhiteElo "2718"]
[BlackElo "2441"]
[WhiteTeam "IND"]
[BlackTeam "POL"]
[WhiteClock "0:00:02"]
[BlackClock "0:00:00"]

1. Nf3 Nf6 2. g3 b5 3. Bg2 Bb7 4. O-O e6 5. d3 c5 6. e4 d6 7. Qe2 Nbd7 8. Rd1 Be7 9. d4 Qb6 10. e5 dxe5 11. dxe5 Nd5 12. Nbd2 c4 13. Ne4 O-O 14. Bg5 Nc5 15. Bxe7 Nxe7 16. Nd6 Bd5 17. b3 Nb7 18. bxc4 bxc4 19. Nxc4 Qa6 20. Nfd2 Na5 21. Bf1 Nxc4 22. Nxc4 Rac8 23. Ne3 Qc6 24. Qh5 Bf3 25. Qh4 Bxd1 26. Rxd1 Ng6 27. Qg5 h6 28. Qh5 Qc5 29. Ng4 Rfd8 30. Bd3 Rd4 31. h3 Rd5 32. Re1 Rb8 33. Bxg6 fxg6 34. Qxg6 Rd2 35. Nf6+ Kf8 36. Nh7+ Kg8 37. Nf6+ Kf8 38. Ne4 Qxc2 39. Qxe6 Rd1 40. Qf5+ Ke7 41. Rxd1 Qxd1+ 42. Kg2 Qd5 43. Kh2 Rf8 44. Qg6 Qxe5 45. h4 Rf7 46. Qc6 1-0

[Event "January 9 Late 2024"]
[Site "https://www.chess.com"]
[Date "2024.01.09"]
[Round "6"]
[White "Sukandar, Irine Kharisma"]
[Black "Niekras, Dawid"]
[Result "0-1"]
[Board "114"]
[TimeControl "180+1"]
[WhiteFideId "7101937"]
[BlackFideId "1160451"]
[WhiteElo "2438"]
[BlackElo "2683"]
[WhiteTeam "INA"]
[BlackTeam "POL"]
[WhiteClock "0:00:00"]
[BlackClock "0:00:04"]

1. d4 d6 2. Bf4 g6 3. Nc3 Bg7 4. e4 c6 5. Qd2 e5 6. dxe5 dxe5 7. Qxd8+ Kxd8 8. O-O-O+ Kc7 9. Bg3 Be6 10. f4 Nd7 11. Nf3 f6 12. Be2 Bh6 13. Kb1 Bxf4 14. Bxf4 exf4 15. Nd4 Bf7 16. Rhf1 g5 17. Bg4 Ne5 18. Be6 Re8 19. Bxf7 Nxf7 20. g3 fxg3 21. hxg3 Nd6 22. Rde1 h5 23. Nf3 Nh6 24. e5 fxe5 25. Nxg5 Ng4 26. Rh1 Kb6 27. Re2 a5 28. a4 Ref8 29. b3 Rf5 30. Nge4 Nxe4 31. Nxe4 Rd8 32. Kb2 Rd4 33. Nd2 Kc7 34. Nc4 b6 35. Rhe1 Rd5 36. Nd2 Rg5 37. Ne4 Rg6 38. Nc3 Rd4 39. Ne4 b5 40. Rh1 bxa4 41. bxa4 Rxa4 42. Rxh5 Rb4+ 43. Kc1 Kb6 44. Rh8 Kc7 45. Rh7+ Kb6 46. Nd6 Rd4 47. Nc8+ Ka6 48. Ra7+ Kb5 49. Rb7+ Kc5 50. Nb6 Rh6 51. Nd7+ Kd6 0-1

[Event "January 9 Late 2024"]
[Site "https://www.chess.com"]
[Date "2024.01.09"]
[Round "6"]
[White "Blanco Diez, David"]
[Black "Dyachuk, Artem"]
[Result "1-0"]
[Board "115"]
[TimeControl "180+1"]
[WhiteFideId "32032927"]
[BlackFideId "34107924"]
[WhiteElo "2437"]
[BlackElo "2676"]
[WhiteTeam "ESP"]
[BlackTeam "UKR"]
[WhiteClock "0:00:26"]
[BlackClock "0:00:34"]

1. e4 c5 2. c3 d5 3. exd5 Qxd5 4. d4 e6 5. Nf3 Nf6 6. Bd3 Nc6 7. O-O Be7 8. Be3 O-O 9. dxc5 Rd8 10. Be2 Bxc5 11. Qxd5 Rxd5 12. c4 Rh5 13. Bxc5 Rxc5 14. Nc3 Kf8 15. a3 Ne5 16. b4 Nxf3+ 17. Bxf3 Rxc4 18. Nb5 a6 19. Nd6 Rd4 20. Nxb7 Bxb7 21. Bxb7 Ra7 22. Bf3 Rc7 23. Rfd1 e5 24. Be2 Rc2 25. Bxa6 Rxd1+ 26. Rxd1 Ra2 27. b5 Rxa3 28. Rb1 Nd5 29. b6 Nb4 30. Bb5 Ra5 31. Rxb4 Ra8 32. b7 Rb8 33. Bd7 Ke7 34. Bc8 Kd6 35. Rc4 f6 36. f3 h6 37. Kf2 g5 38. Ke3 f5 39. Ra4 Kc5 40. Ra5+ Kd6 41. Ra6+ Kd5 42. Ra8 f4+ 43. Kd3 Rxb7 44. Bxb7+ Kc5 45. Re8 Kb6 46. Rxe5 Kxb7 47. Re6 Kc7 48. Rxh6 Kd7 49. Rg6 Ke7 50. Rxg5 Kf7 51. Rg4 Kf6 52. Rxf4+ Ke6 53. Rg4 Kd6 54. h4 Ke6 55. h5 Kd6 56. h6 Ke6 57. h7 Kd6 58. h8=Q Ke6 59. Qg7 Kd6 60. Qg5 Ke6 61. Qf5+ Kd6 62. Rg6+ Ke7 63. Qh5 Kd8 64. Qh7 Ke8 65. Rg8# 1-0

[Event "January 9 Late 2024"]
[Site "https://www.chess.com"]
[Date "2024.01.09"]
[Round "6"]
[White "Wu, Derek"]
[Black "Rubio Tent, Francisco"]
[Result "1-0"]
[Board "116"]
[TimeControl "180+1"]
[WhiteFideId "30914558"]
[BlackFideId "2238233"]
[WhiteElo "2664"]
[BlackElo "2419"]
[WhiteTeam "USA"]
[BlackTeam "ESP"]
[WhiteClock "0:02:13"]
[BlackClock "0:00:00"]

1. e4 c5 2. Nf3 Nc6 3. d4 cxd4 4. Nxd4 e5 5. Nb5 d6 6. c4 Be7 7. Bd3 Nf6 8. O-O O-O 9. N5c3 Nd7 10. Nd5 Nc5 11. Be3 Nxd3 12. Qxd3 f5 13. f3 Bg5 14. Bf2 Be6 15. Nbc3 Rc8 16. Rad1 f4 17. Nb5 a6 18. Bb6 Qd7 19. Nxd6 Bd8 20. Nxc8 Qxc8 21. Bc5 Nd4 22. Bxd4 exd4 23. Qxd4 Kh8 24. c5 Qc6 25. b4 Bh4 26. Nxf4 Bc8 27. g3 Bg5 28. Qd5 1-0

[Event "January 9 Late 2024"]
[Site "https://www.chess.com"]
[Date "2024.01.09"]
[Round "6"]
[White "Lund, Gunnar"]
[Black "Storn, Justin"]
[Result "0-1"]
[Board "117"]
[TimeControl "180+1"]
[WhiteFideId "1520814"]
[BlackFideId "30922720"]
[WhiteElo "2656"]
[BlackElo "2418"]
[WhiteTeam "NOR"]
[BlackTeam "USA"]
[WhiteClock "0:00:00"]
[BlackClock "0:00:37"]

1. d4 d5 2. c4 e6 3. Nf3 Nf6 4. Nc3 Bb4 5. Bf4 O-O 6. e3 c5 7. Be2 Ne4 8. Rc1 Qa5 9. O-O Bxc3 10. bxc3 Nxc3 11. Qd2 Nxe2+ 12. Qxe2 dxc4 13. Bd6 Rd8 14. dxc5 b5 15. Ne5 f6 16. Qf3 Qa6 17. Qxa8 Bb7 18. Qxb8 Rxb8 19. Bxb8 fxe5 20. Bxe5 Qc6 21. f3 Qxc5 22. Bd4 Qa3 23. Rfd1 e5 24. Bc3 h6 25. h3 b4 26. Be1 c3 27. Kh2 Qxa2 28. Bxc3 bxc3 29. Rxc3 Bxf3 30. Rg1 Bd5 31. Rc7 a5 32. Re7 Qb2 33. Ra7 Qb6 0-1

[Event "January 9 Late 2024"]
[Site "https://www.chess.com"]
[Date "2024.01.09"]
[Round "6"]
[White "Ozates, Tuna"]
[Black "Alvarado, Carlos"]
[Result "1-0"]
[Board "118"]
[TimeControl "180+1"]
[WhiteFideId "6354521"]
[BlackFideId "3800555"]
[WhiteElo "2650"]
[BlackElo "2416"]
[WhiteTeam "TUR"]
[BlackTeam "PER"]
[WhiteClock "0:00:09"]
[BlackClock "0:00:12"]

1. e4 c6 2. Nf3 d5 3. d3 dxe4 4. dxe4 Qxd1+ 5. Kxd1 Bg4 6. Be2 Nd7 7. Ne1 Bxe2+ 8. Kxe2 O-O-O 9. Nd3 f6 10. Be3 e5 11. a4 Kb8 12. Nd2 Bd6 13. Nc4 Bc7 14. a5 Ne7 15. Rhd1 Nc8 16. b4 a6 17. Nc5 Nxc5 18. bxc5 Rxd1 19. Rxd1 Rd8 20. Rb1 Na7 21. Nb6 Nb5 22. Rb3 Bxb6 23. cxb6 Nd4+ 24. Bxd4 Rxd4 25. Rh3 Rxe4+ 26. Kf3 Rf4+ 27. Ke3 h6 28. Rg3 g5 29. Rh3 Ra4 30. Rxh6 Kc8 31. Rxf6 Rxa5 32. Ke4 Rc5 33. Rf8+ Kd7 34. Rf7+ Kc8 35. Rc7+ Kb8 36. Rg7 Kc8 37. Rxg5 a5 38. h4 Rc4+ 39. Kxe5 Rxh4 40. f4 a4 41. Rg8+ Kd7 42. Ra8 Rg4 43. Rxa4 Rxg2 44. f5 Rxc2 45. Rd4+ Ke8 46. Kd6 c5 47. Rh4 c4 48. Re4+ Kf8 49. Kc7 c3 50. Kxb7 Rf2 51. Rc4 c2 52. Kb8 Ke7 53. b7 Kd6 54. Kc8 Kd5 55. Rc7 Rxf5 56. b8=Q Rf8+ 57. Kb7 Rxb8+ 58. Kxb8 Kd4 59. Rxc2 Kd3 60. Rc7 Kd4 61. Kb7 Kd5 62. Kb6 Kd6 63. Rc6+ Kd5 64. Kb5 Kd4 65. Rc5 Kd3 66. Rc4 1-0

[Event "January 9 Late 2024"]
[Site "https://www.chess.com"]
[Date "2024.01.09"]
[Round "6"]
[White "Jarocka, Liwia"]
[Black "Rama, Tejas"]
[Result "1/2-1/2"]
[Board "119"]
[TimeControl "180+1"]
[WhiteFideId "21807558"]
[BlackFideId "30907381"]
[WhiteElo "2413"]
[BlackElo "2627"]
[WhiteTeam "POL"]
[BlackTeam "USA"]
[WhiteClock "0:01:45"]
[BlackClock "0:00:44"]

1. e4 e5 2. Nc3 Nf6 3. Nf3 Nc6 4. Bb5 Nd4 5. Bc4 Bc5 6. Nxe5 Qe7 7. Nf3 d5 8. Bxd5 Bg4 9. d3 O-O-O 10. Be3 Nxd5 11. Nxd5 Rxd5 12. exd5 Re8 13. c3 Nxf3+ 14. gxf3 Qh4 15. Kd2 Rxe3 16. fxe3 Qf2+ 17. Kc1 Bxe3+ 18. Kb1 Bxf3 19. Qe1 Bxh1 20. Qxh1 Qe2 21. a4 Qxd3+ 22. Ka2 Qc4+ 23. Kb1 Qd3+ 24. Ka2 Qc4+ 25. Kb1 f5 26. Qf3 Qd3+ 27. Ka2 Qc4+ 28. Kb1 Qd3+ 29. Ka2 Qc4+ 30. Kb1 1/2-1/2

[Event "January 9 Late 2024"]
[Site "https://www.chess.com"]
[Date "2024.01.09"]
[Round "6"]
[White "Gubajdullin, Alexei"]
[Black "Figorito, Nick"]
[Result "1-0"]
[Board "120"]
[TimeControl "180+1"]
[WhiteFideId "4141202"]
[BlackFideId "30923689"]
[WhiteElo "2624"]
[BlackElo "2403"]
[WhiteTeam "RUS"]
[BlackTeam "USA"]
[WhiteClock "0:00:17"]
[BlackClock "0:00:00"]

1. e4 e6 2. d4 d5 3. Nd2 Nf6 4. e5 Nfd7 5. Bd3 c5 6. c3 Nc6 7. Ne2 cxd4 8. cxd4 f6 9. exf6 Nxf6 10. O-O Bd6 11. Nf3 Qc7 12. Bg5 O-O 13. Bh4 Nh5 14. Bg3 Nxg3 15. hxg3 g6 16. Rc1 Qg7 17. Bb5 Bd7 18. Qd2 Rac8 19. Rfe1 Bb4 20. Nc3 Rxf3 21. Bxc6 Rff8 22. Bxb7 Rc7 23. Ba6 Qf6 24. Re3 Ba5 25. Rf3 Qg7 26. Rxf8+ Qxf8 27. Be2 Qf6 28. Qe3 Bb6 29. Rd1 Kg7 30. Kh2 Bc8 31. f4 Bd7 32. Bg4 Ba5 33. Re1 Bxc3 34. bxc3 Kf7 35. Rb1 Ba4 36. Rb8 Bc2 37. Bxe6+ Qxe6 38. Rf8+ Kxf8 39. Qxe6 Be4 40. Qf6+ Rf7 41. Qd8+ Kg7 42. Qc8 1-0

[Event "January 9 Late 2024"]
[Site "https://www.chess.com"]
[Date "2024.01.09"]
[Round "6"]
[White "Garakov, Mikhael"]
[Black "Marchesich, Giovanni"]
[Result "1-0"]
[Board "121"]
[TimeControl "180+1"]
[WhiteFideId "4169034"]
[BlackFideId "2824790"]
[WhiteElo "2623"]
[BlackElo "2408"]
[WhiteTeam "RUS"]
[BlackTeam "ITA"]
[WhiteClock "0:00:21"]
[BlackClock "0:01:21"]

1. e4 g6 2. d4 Bg7 3. Nc3 d5 4. exd5 Nf6 5. Nf3 O-O 6. Be2 Nbd7 7. O-O Nb6 8. h3 Nfxd5 9. Ne4 h6 10. c4 Nf6 11. Nc5 Rb8 12. Be3 Bf5 13. Rc1 Ne4 14. g4 Bxg4 15. hxg4 Nd6 16. Qd2 Kh7 17. Kg2 f5 18. Rh1 fxg4 19. Ne5 Nf5 20. Ne6 Qd6 21. Nxg7 Kxg7 22. Bxh6+ Kg8 23. Bxf8 Rxf8 24. Qg5 Rf6 25. Nxg4 Re6 26. c5 Qxd4 27. cxb6 Rxe2 28. Qxg6+ Ng7 29. Nh6+ Kh8 30. Nf7+ Kg8 31. Rh8# 1-0

[Event "January 9 Late 2024"]
[Site "https://www.chess.com"]
[Date "2024.01.09"]
[Round "6"]
[White "Haszon, David"]
[Black "Yang, Kevin"]
[Result "1-0"]
[Board "122"]
[TimeControl "180+1"]
[WhiteFideId "733610"]
[BlackFideId "30908485"]
[WhiteElo "2398"]
[BlackElo "2609"]
[WhiteTeam "HUN"]
[BlackTeam "USA"]
[WhiteClock "0:00:59"]
[BlackClock "0:00:00"]

1. e4 c6 2. d4 d5 3. e5 Bf5 4. Nf3 e6 5. Be2 Nd7 6. O-O Bg6 7. Be3 Nh6 8. Nbd2 Nf5 9. Nb3 Nxe3 10. fxe3 Be7 11. Bd3 O-O 12. c3 c5 13. Bxg6 fxg6 14. Qe2 Qb6 15. Rab1 Rf7 16. e4 cxd4 17. Nbxd4 dxe4 18. Qxe4 Nc5 19. Qc2 a5 20. Nd2 Raf8 21. Rxf7 Rxf7 22. Rf1 Rxf1+ 23. Nxf1 Bg5 24. b3 Nd7 25. Qe4 Be7 26. Ne3 Bc5 27. Nc4 Qa6 28. a4 b5 29. axb5 Qxb5 30. Qa8+ Kf7 31. Nd6+ 1-0

[Event "January 9 Late 2024"]
[Site "https://www.chess.com"]
[Date "2024.01.09"]
[Round "6"]
[White "Stachanczyk, Jacek"]
[Black "Kozin, Yuri"]
[Result "1-0"]
[Board "123"]
[TimeControl "180+1"]
[WhiteFideId "1116657"]
[BlackFideId "4129920"]
[WhiteElo "2395"]
[BlackElo "2608"]
[WhiteTeam "POL"]
[BlackTeam "RUS"]
[WhiteClock "0:00:47"]
[BlackClock "0:00:10"]

1. e4 c5 2. Nf3 e6 3. d4 cxd4 4. Nxd4 Nf6 5. Nc3 d6 6. g4 h6 7. Rg1 Nc6 8. Be3 e5 9. Nxc6 bxc6 10. f3 Be6 11. Qe2 d5 12. exd5 cxd5 13. O-O-O Be7 14. h4 Kf8 15. g5 hxg5 16. hxg5 Nh5 17. Rh1 d4 18. f4 Qc8 19. Rxh5 Rg8 20. Bg2 dxc3 21. Bxa8 cxb2+ 22. Kb1 Qxa8 23. g6 Qc8 24. gxf7 Bxf7 25. fxe5 Qe6 26. Kxb2 Qxa2+ 27. Kc3 Qa3+ 28. Kd4 Qb2+ 29. Ke4 Qxc2+ 30. Qxc2 Bg6+ 31. Kf4 Bxc2 32. Rd7 Kf7 33. Bc5 Re8 34. Rxa7 Ke6 35. Rxe7+ Rxe7 36. Bxe7 Kxe7 37. Rh2 Ke6 38. Rxc2 1-0

[Event "January 9 Late 2024"]
[Site "https://www.chess.com"]
[Date "2024.01.09"]
[Round "6"]
[White "Bjelobrk, Igor"]
[Black "Paragua, Megan Althea"]
[Result "1-0"]
[Board "124"]
[TimeControl "180+1"]
[WhiteFideId "4300726"]
[BlackFideId "30973007"]
[WhiteElo "2605"]
[BlackElo "2393"]
[WhiteTeam "AUS"]
[BlackTeam "USA"]
[WhiteClock "0:00:28"]
[BlackClock "0:00:03"]

1. d4 Nf6 2. c4 e6 3. g3 d5 4. Nf3 Be7 5. Bg2 O-O 6. O-O dxc4 7. Qc2 a6 8. a4 Nc6 9. Qxc4 Qd5 10. Qxd5 exd5 11. Bf4 Bd8 12. Nc3 h6 13. a5 Be6 14. Ra4 g5 15. Bd2 Ne4 16. Nxe4 dxe4 17. Ne5 Bd5 18. Rc1 Be7 19. Nxc6 Bxc6 20. Rxc6 bxc6 21. Bxe4 Rab8 22. Bc3 c5 23. dxc5 Bxc5 24. Rc4 Bd6 25. Rc6 Rfe8 26. Bd3 Be5 27. Rxh6 Bxc3 28. bxc3 Re6 29. Rxe6 fxe6 30. Bxa6 Ra8 31. Bc4 Rxa5 32. Bxe6+ Kg7 33. e3 Kf6 34. Bg8 Ra8 35. Bd5 Ra1+ 36. Kg2 Rc1 37. c4 Ke5 38. f4+ gxf4 39. gxf4+ Kf5 40. Kg3 Rc3 41. Kf3 Ra3 42. h4 Ra2 43. e4+ Kf6 44. e5+ Kf5 45. Be4+ Ke6 46. Kg4 Re2 47. Bd5+ Ke7 48. h5 Re1 49. h6 Rg1+ 50. Kf5 Rg3 51. h7 Rh3 52. Bg8 Kf8 53. Ke6 Kg7 54. f5 Rh4 55. f6+ Kh8 56. f7 Rf4 57. Ke7 Kg7 58. h8=Q+ Kxh8 59. f8=Q Rxf8 60. Kxf8 c5 61. Bf7 Kh7 62. e6 Kh8 63. e7 Kh7 64. e8=Q Kh8 65. Qe5+ 1-0

[Event "January 9 Late 2024"]
[Site "https://www.chess.com"]
[Date "2024.01.09"]
[Round "6"]
[White "Prieto Aranguren, Alain"]
[Black "Onufrienko, Vladislav"]
[Result "0-1"]
[Board "125"]
[TimeControl "180+1"]
[WhiteFideId "2268906"]
[BlackFideId "13804332"]
[WhiteElo "2385"]
[BlackElo "2600"]
[WhiteTeam "ESP"]
[BlackTeam "KGZ"]
[WhiteClock "0:00:00"]
[BlackClock "0:00:10"]

1. d4 d5 2. c4 c6 3. cxd5 cxd5 4. Nc3 Nf6 5. Nf3 Nc6 6. Bf4 Bf5 7. e3 e6 8. Bd3 Bxd3 9. Qxd3 Be7 10. O-O O-O 11. Rfc1 Qb6 12. Na4 Qb4 13. Qd1 Rfc8 14. a3 Qa5 15. b4 Qd8 16. Nc5 b6 17. Na6 Ne4 18. b5 Na5 19. Ne5 f6 20. Nc6 Qe8 21. Nc7 Rxc7 22. Bxc7 Nc4 23. Nxe7+ Qxe7 24. Bg3 Qd7 25. a4 Qf7 26. Qd3 h5 27. Rxc4 Nxg3 28. Rc2 Nf5 29. Rac1 Qg6 30. Rc8+ Rxc8 31. Rxc8+ Kh7 32. Rc7 h4 33. h3 Qe8 34. Rxa7 Qc8 35. Kh2 Qb8+ 36. g3 hxg3+ 37. fxg3 Qxa7 38. g4 Qc7+ 39. Kh1 Qc1+ 40. Kh2 Qxe3 41. Qc2 Qg3+ 42. Kh1 Qxh3+ 43. Kg1 Qxg4+ 44. Kh1 Qxd4 45. a5 bxa5 46. Qh2+ Kg8 47. Qb8+ Kf7 48. Qc7+ Ne7 49. b6 Qc4 50. Qd8 Qc6 0-1

[Event "January 9 Late 2024"]
[Site "https://www.chess.com"]
[Date "2024.01.09"]
[Round "6"]
[White "Estrada Nieto, Julian"]
[Black "Hoffmann, Asa"]
[Result "1-0"]
[Board "126"]
[TimeControl "180+1"]
[WhiteFideId "5101018"]
[BlackFideId "2001470"]
[WhiteElo "2595"]
[BlackElo "2378"]
[WhiteTeam "ESP"]
[BlackTeam "USA"]
[WhiteClock "0:01:04"]
[BlackClock "0:01:11"]

1. Nf3 d6 2. c4 e5 3. Nc3 g6 4. d3 Bg7 5. g3 Be6 6. Bg2 c6 7. O-O h6 8. Rb1 Qd7 9. b4 Bh3 10. b5 Ne7 11. Ba3 c5 12. Nd2 Bxg2 13. Kxg2 b6 14. Bb2 d5 15. cxd5 Nxd5 16. Qb3 Ne7 17. Nc4 Qe6 18. a4 O-O 19. a5 Nd7 20. Ra1 Kh7 21. axb6 axb6 22. Ra6 Nd5 23. Nxd5 Qxd5+ 24. e4 Qb7 25. Rfa1 Rfd8 26. Nd6 Qc7 27. Rxa8 Rxa8 28. Rxa8 Qxd6 29. Qxf7 Nf8 30. Ra7 Ne6 31. Rd7 1-0

[Event "January 9 Late 2024"]
[Site "https://www.chess.com"]
[Date "2024.01.09"]
[Round "6"]
[White "Semenenko, Dmytry"]
[Black "Roberson, Peter T"]
[Result "0-1"]
[Board "127"]
[TimeControl "180+1"]
[WhiteFideId "14118645"]
[BlackFideId "412384"]
[WhiteElo "2370"]
[BlackElo "2582"]
[WhiteTeam "UKR"]
[BlackTeam "ENG"]
[WhiteClock "0:00:29"]
[BlackClock "0:00:15"]

1. Nf3 c5 2. c4 g6 3. Nc3 Bg7 4. e3 d6 5. d4 Nf6 6. dxc5 dxc5 7. Qxd8+ Kxd8 8. Ne5 Be6 9. Be2 Nbd7 10. Nxd7 Nxd7 11. Bf3 Bxc3+ 12. bxc3 Kc7 13. Bd5 Ne5 14. e4 Nxc4 15. Bf4+ Nd6 16. O-O Bxd5 17. exd5 Kd7 18. Rab1 b6 19. Rfe1 Rhe8 20. Re2 Rad8 21. Rbe1 Nb5 22. Bg5 f6 23. Bd2 Nc7 24. c4 e5 25. a4 Re7 26. a5 b5 27. Be3 Kd6 28. cxb5 Nxb5 29. Rc1 Nd4 30. Rb2 Kxd5 31. a6 Re6 32. Ra1 Rdd6 33. Rb7 Rxa6 34. Rxa7 Rxa1+ 35. Rxa1 Rc6 36. f4 exf4 37. Bd2 c4 38. Kf2 c3 39. Bxf4 c2 40. Ra5+ Ke6 41. Ra8 c1=Q 42. Bxc1 Rxc1 43. Rh8 h5 44. Rg8 Kf5 45. Rd8 Rc2+ 46. Kf1 Ne6 47. Rd5+ Ke4 48. Rd6 Ke5 49. Rd7 f5 50. g3 g5 51. Rh7 Rxh2 52. Kg1 Ra2 53. Rxh5 g4 54. Rh7 Nd4 55. Re7+ Kd5 56. Kf1 f4 57. gxf4 Nf3 58. Rd7+ Ke4 59. Rf7 g3 60. Re7+ Kd5 61. Re2 Rxe2 62. Kxe2 g2 63. Kf2 g1=Q+ 64. Kxf3 Qg8 65. f5 Qf8 66. Kf4 Kd6 67. Kg5 Ke7 68. f6+ Kf7 69. Kf5 Qa8 70. Ke5 Qa5+ 71. Kd6 Kxf6 72. Kc6 Qd2 73. Kc5 Ke5 74. Kc6 Qc3+ 75. Kb7 Kd6 76. Kb8 Qg7 77. Ka8 Kc6 78. Kb8 Qb7# 0-1

[Event "January 9 Late 2024"]
[Site "https://www.chess.com"]
[Date "2024.01.09"]
[Round "6"]
[White "Golubev, Mikhail"]
[Black "Carre, Sylvain"]
[Result "1-0"]
[Board "128"]
[TimeControl "180+1"]
[WhiteFideId "14100983"]
[BlackFideId "642118"]
[WhiteElo "2580"]
[BlackElo "2368"]
[WhiteTeam "UKR"]
[BlackTeam "FRA"]
[WhiteClock "0:00:55"]
[BlackClock "0:00:36"]

1. e4 e5 2. Nf3 Nf6 3. Nc3 Nc6 4. d4 exd4 5. Nxd4 Bb4 6. Nxc6 bxc6 7. Bd3 d5 8. Bd2 O-O 9. O-O Bxc3 10. Bxc3 Nxe4 11. Bxe4 dxe4 12. Qe2 Bf5 13. Qe3 Bg6 14. Rad1 Qh4 15. Qd4 Qh6 16. Qe5 Rae8 17. Qxc7 e3 18. fxe3 Qxe3+ 19. Kh1 Bxc2 20. Rde1 Qb6 21. Qxf7+ 1-0

[Event "January 9 Late 2024"]
[Site "https://www.chess.com"]
[Date "2024.01.09"]
[Round "6"]
[White "Hajiyev, Kanan"]
[Black "Gerbelli Neto, Eduardo"]
[Result "0-1"]
[Board "129"]
[TimeControl "180+1"]
[WhiteFideId "13404148"]
[BlackFideId "2103281"]
[WhiteElo "2550"]
[BlackElo "2362"]
[WhiteTeam "AZE"]
[BlackTeam "BRA"]
[WhiteClock "0:01:21"]
[BlackClock "0:00:29"]

1. d4 d5 2. c4 c6 3. cxd5 cxd5 4. Nc3 Nf6 5. Nf3 Nc6 6. Bg5 Ne4 7. Bf4 e6 8. e3 Bb4 9. Qb3 Qa5 10. Rc1 Qb6 11. Bd3 Na5 12. Qc2 Nxc3 13. bxc3 Bd6 14. O-O Bxf4 15. exf4 g6 16. Ne5 O-O 17. g4 Nc6 18. g5 Nxe5 19. fxe5 Bd7 20. f4 Rfc8 21. Rf3 Bb5 22. Rb1 Bxd3 23. Qxd3 Qa6 24. Qxa6 bxa6 25. Rb3 Rab8 26. Kf2 Rxb3 27. axb3 Rb8 28. b4 a5 29. bxa5 Rb5 30. a6 Ra5 31. Ke3 Rxa6 32. Rf2 Ra3 33. Kd3 a5 34. Rb2 a4 35. h4 Ra1 36. h5 gxh5 37. Rh2 a3 38. c4 a2 39. cxd5 Rd1+ 40. Ke4 exd5+ 41. Kf5 a1=Q 42. Kf6 Qa6+ 0-1

[Event "January 9 Late 2024"]
[Site "https://www.chess.com"]
[Date "2024.01.10"]
[Round "6"]
[White "Harriott, Tyrell"]
[Black "Nouali, Mohamed"]
[Result "1/2-1/2"]
[Board "130"]
[TimeControl "180+1"]
[WhiteFideId "2086484"]
[BlackFideId "5502462"]
[WhiteElo "2358"]
[BlackElo "2546"]
[WhiteTeam "USA"]
[BlackTeam "TUN"]
[WhiteClock "0:00:19"]
[BlackClock "0:00:07"]

1. d4 Nf6 2. e3 g6 3. Bd3 Bg7 4. f4 O-O 5. Nf3 d6 6. O-O Nc6 7. c3 Bg4 8. Nbd2 e5 9. Qc2 Qe7 10. Bb5 exf4 11. exf4 Qe3+ 12. Kh1 Qxf4 13. Ne5 dxe5 14. Rxf4 exf4 15. Nf3 Nd5 16. Qb3 Be6 17. c4 Na5 18. Qa3 a6 19. cxd5 Bxd5 20. Bf1 Nc6 21. Bxf4 Rfe8 22. Bxc7 Rac8 23. Bb6 Bh6 24. Qc5 Be4 25. Ng5 Ne5 26. Nxe4 Rxc5 27. Nf6+ Kh8 28. Nxe8 Rc6 29. Ba5 Ng4 30. Bc3 Nf2+ 31. Kg1 Ne4 32. d5+ Rxc3 33. bxc3 Be3+ 34. Kh1 Nf2+ 35. Kg1 Nh3+ 36. Kh1 Nf2+ 37. Kg1 Ng4+ 38. Kh1 Nf2+ 1/2-1/2

[Event "January 9 Late 2024"]
[Site "https://www.chess.com"]
[Date "2024.01.09"]
[Round "6"]
[White "Grutter, Tim"]
[Black "Albuquerque Junior,Wellington S."]
[Result "0-1"]
[Board "131"]
[TimeControl "180+1"]
[WhiteFideId "1057472"]
[BlackFideId "2151480"]
[WhiteElo "2538"]
[BlackElo "2350"]
[WhiteTeam "NED"]
[BlackTeam "BRA"]
[WhiteClock "0:00:00"]
[BlackClock "0:00:09"]

1. e4 c5 2. Nf3 d6 3. d4 cxd4 4. Nxd4 Nf6 5. Nc3 Nc6 6. g3 e5 7. Nb3 Be7 8. Bg2 Bg4 9. Qd3 O-O 10. O-O Rc8 11. h3 Be6 12. Qd1 a5 13. a4 Nb4 14. Be3 d5 15. exd5 Nbxd5 16. Nxd5 Nxd5 17. Bd2 b6 18. c3 Qd7 19. Kh2 Rfd8 20. Qe2 Nf6 21. Qxe5 Bxb3 22. Be3 Bc5 23. Bg5 Re8 24. Qf4 Nd5 25. Qh4 f6 26. Bd2 Ne7 27. Bf4 Ng6 28. Qh5 Nxf4 29. gxf4 Bd6 30. Bd5+ Bxd5 31. Qxd5+ Kh8 32. Kh1 Qc6 33. Rad1 Qxd5+ 34. Rxd5 Bxf4 35. Rfd1 h6 36. Kg2 Re2 37. Kf3 Rxb2 38. Kxf4 Rxf2+ 39. Kg3 Rc2 40. Rd8+ Rxd8 41. Rxd8+ Kh7 42. Rd3 Ra2 43. Rd4 Rb2 44. Kf4 Rb3 45. Rc4 b5 46. axb5 Rxb5 47. Ra4 Rc5 48. c4 h5 49. h4 g5+ 50. Kg3 Kg6 51. Kh3 Kf5 52. Kg3 Ke4 53. Ra1 Kd4 54. Rf1 gxh4+ 55. Kxh4 Kxc4 56. Rxf6 Kb4 57. Rf1 a4 58. Rb1+ Ka5 59. Ra1 Rb5 60. Ra3 Kb4 61. Ra1 a3 62. Rb1+ Ka4 63. Re1 a2 64. Re4+ Rb4 0-1

[Event "January 9 Late 2024"]
[Site "https://www.chess.com"]
[Date "2024.01.09"]
[Round "6"]
[White "Uz, Kagan"]
[Black "Bernat, David"]
[Result "0-1"]
[Board "132"]
[TimeControl "180+1"]
[WhiteFideId "30986680"]
[BlackFideId "2099225"]
[WhiteElo "2531"]
[BlackElo "2349"]
[WhiteTeam "USA"]
[BlackTeam "USA"]
[WhiteClock "0:00:01"]
[BlackClock "0:00:47"]

1. e4 c5 2. Nf3 g6 3. d4 cxd4 4. Nxd4 Nf6 5. Nc3 d6 6. Be3 Nc6 7. f3 Bg7 8. Qd2 O-O 9. Bc4 d5 10. Nxd5 Nxd5 11. Bxd5 Nxd4 12. Bxd4 Bxd4 13. Qxd4 e6 14. O-O-O exd5 15. h4 Qb6 16. Qxd5 Be6 17. Qe5 Rac8 18. h5 Qc5 19. Qxc5 Rxc5 20. h6 Bxa2 21. Rd7 Bb3 22. Rxb7 Bxc2 23. Kd2 Rd8+ 24. Ke3 f5 25. Rxa7 fxe4 26. Rg7+ Kh8 27. Ra1 exf3 28. Raa7 g5 29. gxf3 Re5+ 30. Kf2 Re6 31. Rgd7 Rde8 32. b4 Rxh6 33. b5 Rb6 34. Rac7 Bf5 35. Rd5 Bg6 36. Rxg5 Reb8 37. Rcc5 Kg7 38. Kg3 Rf8 39. Rgd5 Rbf6 40. Rd7+ Kh6 41. Rc3 Bh5 42. b6 Rxf3+ 43. Rxf3 Rxf3+ 44. Kg2 Rb3 45. b7 Bf3+ 46. Kf2 Bxb7 47. Rd6+ Kg5 48. Rd7 h5 49. Rg7+ Kh4 50. Kg1 Rg3+ 0-1